 Dungeon Crawl Stone Soup version 0.30-a0-883-g5ad918d77d (webtiles) character file.

Game seed: 7201194149186053617

86 Lobster4 the Firebug (level 4, 0/36 HPs)
             Began as a Hill Orc Fire Elementalist on Mar 18, 2023.
             Slain by an orc wizard
             ... wielding a +0 dagger
              (3 damage)
             ... on level 3 of the Dungeon.
             The game lasted 00:05:22 (2262 turns).

Lobster4 the Firebug (Hill Orc Fire Elementalist)   Turns: 2262, Time: 00:05:23

Health: 0/36       AC:  3    Str: 10    XL:     4   Next: 49%
Magic:  1/7        EV: 12    Int: 17    God:
Gold:   85         SH:  0    Dex: 11    Spells: 4/7 levels left

rFire   . . .      SeeInvis .    c - +2 short sword (drain)
rCold   . . .      Faith    .    (no shield)
rNeg    . . .      Spirit   .    a - +0 robe
rPois   .          Reflect  .    (no helmet)
rElec   .          Rampage  .    (no cloak)
rCorr   .                        (no gloves)
Will    .....                    l - +0 pair of boots
Stlth   +                        (no amulet)
HPRegen 0.26/turn                (no ring)
MPRegen 0.10/turn                (no ring)

@: confused, mighty
A: no striking features
a: no special abilities


You were on level 3 of the Dungeon.
You visited 1 branch of the dungeon, and saw 3 of its levels.

You collected 85 gold pieces.

Inventory:

Hand Weapons
 c - a +2 short sword of draining (weapon)
 g - a +0 dagger
 j - a +1 rapier of holy wrath
 k - a +0 hand axe
 s - a +0 sling
Armour
 a - a +0 robe (worn)
 l - a +0 pair of boots (worn)
 m - a +0 leather armour
Wands
 d - a wand of flame (17)
Scrolls
 f - a scroll of teleportation
 h - a scroll of immolation {unknown}
 o - a scroll of blinking {unknown}
 q - 2 scrolls of fog
 r - a scroll of enchant armour {unknown}
Potions
 b - a potion of magic


   Skills:
 + Level 1.7 Fighting
 + Level 0.8 Short Blades
 + Level 1.2 Armour
 + Level 2.0 Dodging
 - Level 1.5 Stealth
 + Level 2.0 Spellcasting
 + Level 1.7 Conjurations
 + Level 3.8 Fire Magic
 + Level 0.1 Evocations


You had 4 spell levels left.
You knew the following spells:

 Your Spells              Type           Power      Damage    Failure   Level
a - Foxfire               Conj/Fire      44%        2x1d6     6%          1
b - Scorch                Fire           28%        2d6       6%          2

Your spell library contained the following spells:

 Spells                   Type           Power      Damage    Failure   Level
 Inner Flame              Hex/Fire       8%         N/A       26%         3
 Kindle Blastsparks       Fire/Tloc/Air  12%        2d11      34%         3
 Flame Wave               Conj/Fire      11%        2d6       52%         4


Dungeon Overview and Level Annotations

Branches:
Dungeon (3/15)

Altars:
Ashenzari


Message History

Casting: Foxfire (safe; 6% risk of failure)
Confirm with . or Enter, or press ? or * to list all spells.
You conjure some foxfire!
The foxfire hits the ball python.
You kill the ball python!
The orc wizard barely misses you.
The orc wizard hits you with a +1 dagger of speed.
You hear some strange, mumbled words.
A puff of flame appears from out of thin air!
The puff of flame misses you.
Unknown command.
You hit the orc wizard. You drain the orc wizard.
The orc wizard is heavily wounded.
The foxfire hits the orc wizard.
The orc wizard is heavily wounded.
The foxfire hits something. x2
The orc wizard hits you but does no damage.
Something hits you.
* * * LOW HITPOINT WARNING * * *
You hit the orc wizard.
The orc wizard is severely wounded.
The orc wizard closely misses you.
The orc wizard hits you but does no damage.
Something hits you.
* * * LOW HITPOINT WARNING * * *
You barely miss the orc wizard.
The orc wizard is severely wounded.
The orc wizard hits you with a +1 dagger of speed.
* * * LOW HITPOINT WARNING * * *
Something hits you.
* * * LOW HITPOINT WARNING * * *
You barely miss the orc wizard.
The orc wizard is severely wounded.
The orc wizard hits you but does no damage.
The orc wizard barely misses you. Something hits you.
* * * LOW HITPOINT WARNING * * *
You feel very mighty all of a sudden.
The orc wizard points at you and mumbles some strange words.
You are confused.
Something hits you.
You die...

g... #.....# ....
#.....# ... #.)...#
..# ##.....# ..##
.......# ..#
.......#######+#.##
...............†..#
#?.?.).)....o@.#
#...........{†.#
#.....#####'##.#
#.....# #.##.#
#.....# #.##.#
#.....# #.##.#
######## #.##.#
#.....# #.##.+
#.....# #.####


You could see an orc wizard (very drained).

Vanquished Creatures
  2 adders (D:2)
  2 dart slugs
  3 orcs
  4 bats
  3 endoplasms
  A giant cockroach (D:2)
  9 goblins
  4 hobgoblins
  3 jackals (D:2)
  2 quokkas (D:1)
  9 ball pythons
  A frilled lizard (D:1)
  4 kobolds
  8 rats
55 creatures vanquished.

Vanquished Creatures (others)
  78 foxfires
  2 plants (D:2)
80 creatures vanquished.

Grand Total: 135 creatures vanquished

Notes
Turn   | Place    | Note
-------+----------+-------------------------------------------
     0 | D:1      | Lobster4 the Hill Orc Fire Elementalist began the quest for
                  | the Orb.
     0 | D:1      | Reached XP level 1. HP: 14/14 MP: 3/3
   276 | D:1      | Reached XP level 2. HP: 22/22 MP: 1/4
   324 | D:1      | Learned a level 2 spell: Scorch
   711 | D:1      | Reached skill level 1 in Fighting
   756 | D:1      | Reached XP level 3. HP: 28/28 MP: 0/5
  1194 | D:2      | Reached skill level 1 in Armour
  1507 | D:2      | Reached XP level 4. HP: 35/35 MP: 6/6
  1630 | D:2      | Found a broken altar of Ashenzari.
  2262 | D:3      | Slain by an orc wizard

Illustrated notes

Levels and vault maps discovered:
D:1:      matt_arrival_diagonals, layout_basic
D:2:      layout_loops_ring, basic_altar, serial_bayou_pond_b
D:3:      layout_basic, mainiacjoe_overflow_tiny_flanked,
          mainiacjoe_overflow_boulevard, portal_sewer_entry_e

Skill      XL: |  1  2  3  4 |
---------------+-------------+-----
Fighting       | 1 |  1.7
Armour         | 1 |  1.2
Dodging        | 2 |  2.0
Spellcasting   | 2 |  2.0
Short Blades   | |  0.8
Stealth        | |  1.5
Conjurations   | |  1.7
Fire Magic     | |  3.8
Evocations     | |  0.1

Action                     |  1- 3 |  4- 6 || total
---------------------------+-------+-------++-------
  Melee: Unarmed           |     2 |       ||     2
         Dagger            |    23 |       ||    23
         Short sword       |    29 |    29 ||    58
   Cast: Foxfire           |    43 |    11 ||    54
         Scorch            |     1 |       ||     1
    Use: Scroll            |       |     6 ||     6
         Potion            |       |     2 ||     2
   Stab: Sleeping          |     2 |     2 ||     4
 Armour: Robe              |    10 |    11 ||    21
  Dodge: Dodged            |    41 |    30 ||    71

Table legend: (Time is in decaauts)
 A = Elapsed time spent in this place.
 B = Non-inter-level travel time spent in this place.
 C = Inter-level travel time spent in this place.
 D = Time resting spent in this place.
 E = Time spent auto-exploring this place.
 F = Levels seen in this place.
 G = Mean time per level.
                   A        B        C        D        E       F      G
               +--------+--------+--------+--------+--------+-----+--------+
         Total |   2264 |   2107 |    157 |      2 |   1633 |   3 |  754.7 |
       Dungeon |   2264 |   2107 |    157 |      2 |   1633 |   3 |  754.7 |
               +--------+--------+--------+--------+--------+-----+--------+

Top non-repeatable levels by time:
     D:1: 1181 daAuts
     D:2: 965 daAuts
     D:3: 116 daAuts
